 Dungeon Sprint DCSS version 0.27-a0-277-g024f7ef292 (webtiles) character file.

Game seed: 5652403773854431814

13758 mhtbhm the Severer (level 11, 0/171 HPs)
             Began as a Minotaur Fighter on Feb 6, 2021.
             Was the Champion of Trog.
             Succumbed to a nagaraja's bolt of poison
             ... in the Dungeon (Sprint VII: "The Pits").
             The game lasted 00:04:56 (3501 turns).

mhtbhm the Severer (Minotaur Fighter)               Turns: 3501, Time: 00:04:56

Health: 0/171      AC: 18    Str: 23    XL:     11   Next: 79%
Magic:  10/10      EV: 14    Int:  8    God:    Trog [******]
Gold:   0          SH: 14    Dex: 11    Spells: 10/10 levels left

rFire    . . .     SeeInvis .   a - +4 broad axe (vorpal)
rCold    . . .     Faith    .   c - +0 kite shield
rNeg     . . .     Spirit   .   b - +4 scale mail
rPois    .         Reflect  .   (helmet restricted)
rElec    .         Harm     .   q - +0 cloak
rCorr    .         Rampage  .   (no gloves)
Will     .....     NoTele   +   (no boots)
Stlth    ..........             (no amulet)
HPRegen  0.38/turn              p - +3 ring of protection
MPRegen  0.12/turn              o - +3 ring of intelligence

@: berserking, lethally poisoned (0 -> -29), very quick
A: retaliatory headbutt, horns 2
a: Renounce Religion, Berserk, Trog's Hand, Brothers in Arms


You were in the Dungeon.
You worshipped Trog.
Trog was exalted by your worship.
You visited 1 branch

Inventory:

Hand Weapons
 a - a +4 vorpal broad axe (weapon)
Missiles
 r - 4 throwing nets (quivered)
Armour
 b - a +4 scale mail (worn)
 c - a +0 kite shield (worn)
 q - a +0 cloak (worn)
Jewellery
 o - a +3 ring of intelligence (right hand)
 p - a +3 ring of protection (left hand)
Scrolls
 j - a scroll of blinking
 l - 3 scrolls of remove curse
 m - 5 scrolls of amnesia
 n - a scroll of summoning
Potions
 d - a potion of might
 e - 12 potions of curing
 f - 12 potions of heal wounds
 g - a potion of haste
 h - 4 potions of magic
 i - 4 potions of berserk rage
 k - 2 potions of invisibility


   Skills:
 + Level 15.6 Fighting
 + Level 18.5 Axes
 + Level 14.8 Armour
 + Level 10.0 Dodging
 + Level 2.5 Stealth
 + Level 16.7 Shields


You had 10 spell levels left.
You didn't know any spells.
Your spell library was empty.

Dungeon Overview and Level Annotations

Branches:
Dungeon (1/1)

Altars:
Ashenzari
Cheibriados
Dithmenos
Elyvilon
Fedhas
Gozag
Hepliaklqana
Kikubaaqudgha
Makhleb
Nemelex Xobeh
Okawaru
Qazlal
Ru
Sif Muna
Trog
Uskayaw
Vehumet
Wu Jian
Xom
Yredelemnul
Zin
The Shining One
Beogh
Jiyva
Lugonu


Innate Abilities, Weirdness & Mutations

You reflexively headbutt those who attack you in melee.
You have a pair of horns on your head.


Message History

You closely miss the emperor scorpion.
* * * LOW HITPOINT WARNING * * *
You feel sick.
Your Dodging skill increases to level 10!
You slash the emperor scorpion!
The emperor scorpion is severely wounded.
* * * LOW HITPOINT WARNING * * *
You feel sick.
The emperor scorpion stings you but does no damage.
The emperor scorpion claws you.
* * * LOW HITPOINT WARNING * * *
The emperor scorpion claws you but does no damage.
You slice the emperor scorpion!! You headbutt the emperor scorpion.
The emperor scorpion is almost dead.
* * * LOW HITPOINT WARNING * * *
You feel sick.
You miss the emperor scorpion.
Your headbutt misses the emperor scorpion.
The emperor scorpion is almost dead.
You die...

.....''..# #..#
.....''..##########..#
.....##.)............#
.....##..............#
######################
# ##### #######
###...###..+...#
.##...##..##...###
..##†##..###..†'@#
.....)....##.).#s)#
.###'###...##'##...#
##.....##..#...#...#
'.).....'..'...+...+
##)....##..#...#...#
.###'###...##'##...#
....).....##...#..##
..##)##..###...+


You could see an emperor scorpion.

Vanquished Creatures
  A nagaraja (D)
  An eidolon (D)
  A boulder beetle (D)
  2 slime creatures (D)
  Harold (D)
  A death yak (D)
  A deep troll (D)
  2 lindwurms (D)
  An orc knight (D)
  A black mamba (D)
  A gargoyle (D)
  A smoke demon (D)
  A freezing wraith (D)
  A demonic crawler (D)
  A hornet (D)
  6 dream sheep (D)
  3 blink frogs (D)
  A wind drake (D)
  A redback (D)
  A spriggan (D)
  2 shadows (D)
  2 ynoxinuls (D)
  Grum (D)
  A water moccasin (D)
  A warg (D)
  Edmund (D)
  A small abomination (D)
  2 acid dragons (D)
  A soldier ant (D)
  2 floating eyes (D)
  2 orc warriors (D)
  A sky beast (D)
  A black bear (D)
  2 wolves (D)
  2 ogres (D)
  2 centaurs (D)
  An orc priest (D)
  An iron imp (D)
  An iguana (D)
  An orc wizard (D)
  A worker ant (D)
  A mummy (D)
  An adder (D)
  A river rat (D)
  A white imp (D)
  An ooze (D)
  A leopard gecko (D)
  4 orcs (D)
  A ball python (D)
  2 bat zombies (D)
  A hobgoblin (D)
  4 jackals (D)
  A quokka (D)
  2 kobolds (D)
  2 rats (D)
81 creatures vanquished.

Vanquished Creatures (collateral kills)
  4 dream sheep (D)
4 creatures vanquished.

Grand Total: 85 creatures vanquished

Notes
Turn   | Place    | Note
-------+----------+-------------------------------------------
     0 | D        | mhtbhm the Minotaur Fighter began the quest for the Orb.
     0 | D        | Reached XP level 1. HP: 19/19 MP: 0/0
    43 | D        | Found a bloodstained altar of Trog.
    43 | D        | Found a shimmering blue altar of Sif Muna.
    43 | D        | Found a viscous altar of Jiyva.
    43 | D        | Found a hazy altar of Hepliaklqana.
    43 | D        | Found an opulent altar of Gozag.
    44 | D        | Found a glowing golden altar of the Shining One.
    44 | D        | Found a glowing silver altar of Zin.
    44 | D        | Found a basalt altar of Yredelemnul.
    44 | D        | Found a shimmering altar of Xom.
    44 | D        | Found an ornate altar of the Wu Jian Council.
    44 | D        | Found a sacrificial altar of Ru.
    44 | D        | Found a stormy altar of Qazlal.
    44 | D        | Found an iron altar of Okawaru.
    44 | D        | Found a sparkling altar of Nemelex Xobeh.
    44 | D        | Found a burning altar of Makhleb.
    44 | D        | Found a blossoming altar of Fedhas.
    44 | D        | Found a white marble altar of Elyvilon.
    44 | D        | Found a shadowy altar of Dithmenos.
    44 | D        | Found a snail-covered altar of Cheibriados.
    46 | D        | Found a radiant altar of Vehumet.
    46 | D        | Found a corrupted altar of Lugonu.
    46 | D        | Found a roughly hewn altar of Beogh.
    48 | D        | Became a worshipper of Trog the Wrathful
    72 | D        | Reached * piety under Trog
   110 | D        | Noticed a floating eye
   113 | D        | Killed a floating eye
   114 | D        | Reached skill level 4 in Axes
   114 | D        | Reached XP level 2. HP: 34/34 MP: 1/1
   114 | D        | Reached XP level 3. HP: 39/39 MP: 2/2
   114 | D        | Reached XP level 4. HP: 47/47 MP: 3/3
   118 | D        | Noticed a black bear
   126 | D        | Killed a black bear
   126 | D        | Reached ** piety under Trog
   127 | D        | Reached skill level 5 in Axes
   127 | D        | Reached skill level 1 in Dodging
   127 | D        | Reached XP level 5. HP: 48/53 MP: 4/4
   127 | D        | Noticed a floating eye
   130 | D        | Killed a floating eye
   131 | D        | Reached skill level 6 in Axes
   131 | D        | Reached XP level 6. HP: 56/63 MP: 5/5
   228 | D        | Noticed an orc warrior
   231 | D        | Noticed a warg
   232 | D        | Noticed a sky beast
   234 | D        | Reached *** piety under Trog
   235 | D        | Reached skill level 7 in Axes
   241 | D        | Reached **** piety under Trog
   244 | D        | Killed an orc warrior
   245 | D        | Reached skill level 10 in Fighting
   245 | D        | Reached skill level 8 in Axes
   245 | D        | Reached XP level 7. HP: 36/72 MP: 6/6
   245 | D        | Reached ***** piety under Trog
   246 | D        | Reached skill level 10 in Armour
   246 | D        | Reached skill level 10 in Shields
   250 | D        | Reached skill level 9 in Axes
   458 | D        | Noticed Edmund
   464 | D        | Killed Edmund
   481 | D        | Noticed a gargoyle
   486 | D        | Killed a gargoyle
   487 | D        | Reached skill level 10 in Axes
   487 | D        | Reached XP level 8. HP: 82/82 MP: 7/7
   547 | D        | Received a gift from Trog
   552 | D        | Reached skill level 11 in Axes
   680 | D        | Noticed a black mamba
   689 | D        | Killed a black mamba
   690 | D        | Reached ****** piety under Trog
   691 | D        | Reached skill level 12 in Axes
  1029 | D        | Found a hide-covered altar of Uskayaw.
  1029 | D        | Found an ancient bone altar of Kikubaaqudgha.
  1029 | D        | Found a broken altar of Ashenzari.
  1058 | D        | Noticed a deep troll
  1073 | D        | Killed a deep troll
  1074 | D        | Reached skill level 5 in Dodging
  1074 | D        | Reached XP level 9. HP: 30/90 MP: 8/8
  1075 | D        | Received a gift from Trog
  1076 | D        | Reached skill level 13 in Axes
  1486 | D        | Reached skill level 1 in Stealth
  1493 | D        | Killed an enormous slime creature
  1494 | D        | Reached skill level 14 in Axes
  1685 | D        | Noticed a spriggan rider
  1697 | D        | Reached XP level 10. HP: 100/100 MP: 9/9
  1911 | D        | Reached skill level 15 in Axes
  2188 | D        | Noticed an eidolon
  2195 | D        | Received a gift from Trog
  2201 | D        | Killed an eidolon
  2202 | D        | Reached skill level 16 in Axes
  2205 | D        | Reached skill level 15 in Shields
  2343 | D        | Received a gift from Trog
  2362 | D        | Noticed Grum
  2369 | D        | Killed Grum
  2370 | D        | Reached XP level 11. HP: 97/108 MP: 10/10
  2471 | D        | Noticed Harold
  2471 | D        | Noticed a lindwurm
  2480 | D        | Killed Harold
  2481 | D        | Reached skill level 17 in Axes
  2484 | D        | Killed a lindwurm
  2618 | D        | Noticed a boulder beetle
  2641 | D        | Killed a boulder beetle
  2843 | D        | Noticed an orc knight
  2845 | D        | Received a gift from Trog
  2862 | D        | Killed an orc knight
  3003 | D        | Received a gift from Trog
  3007 | D        | Noticed a death yak
  3020 | D        | Killed a death yak
  3021 | D        | Reached skill level 18 in Axes
  3022 | D        | Reached skill level 15 in Fighting
  3284 | D        | Noticed a lindwurm
  3287 | D        | Received a gift from Trog
  3296 | D        | Killed a lindwurm
  3483 | D        | Noticed a nagaraja
  3484 | D        | Noticed an emperor scorpion
  3498 | D        | Killed a nagaraja
  3499 | D        | Reached skill level 10 in Dodging
  3499 | D        | HP: 7/171 [poisoned by a nagaraja (bolt of poison)]
  3499 | D        | HP: 2/171 [emperor scorpion (5)]
  3501 | D        | Succumbed to a nagaraja's bolt of poison

Illustrated notes

Levels and vault maps discovered:
D:        pitsprint [storerooms_1, entrance_room_1, metal_vault_5, armoury_3,
          mini_pit_1, grid_room_1, main_hall_1, silver_pit, the_coven_3,
          the_vestibule_1, steel_vault_3, golden_pit, hallway_of_sentries,
          crystal_vault_1, iron_vault_2, final_vault]

Skill      XL: |  1  2  3  4  5  6  7  8  9 10 11 |
---------------+----------------------------------+-----
Fighting       | 7 8 9 10 11 12 13 15 | 15.6
Armour         | 6 8 9 11 12 13 14 | 14.8
Shields        | 6 7 8 9 11 12 13 15 16 | 16.7
Axes           | 4 5 6 8 10 12 14 16 18 | 18.5
Dodging        | 1 2 3 5 6 8 10 | 10.0
Stealth        | 1 2 |  2.5

Action                   |  1- 3 |  4- 6 |  7- 9 | 10-12 || total
-------------------------+-------+-------+-------+-------++-------
Melee: Hand axe          |     9 |    24 |    44 |       ||    77
       War axe           |     4 |       |    36 |    83 ||   123
       Headbutt          |     2 |     3 |    14 |    34 ||    53
       Broad axe         |       |       |       |    44 ||    44
Invok: Berserk           |       |     1 |     4 |     4 ||     9
       Brothers in Arms  |       |       |       |     1 ||     1
Armor: Scale mail        |     4 |    11 |    14 |    54 ||    83
       Chain mail        |       |     5 |       |       ||     5
       Ring mail         |       |       |     2 |       ||     2
Dodge: Dodged            |     2 |    10 |    25 |    63 ||   100
Block: Kite shield       |     5 |    16 |    48 |    68 ||   137

Table legend: (Time is in decaauts)
 A = Elapsed time spent in this place.
 B = Non-inter-level travel time spent in this place.
 C = Inter-level travel time spent in this place.
 D = Time resting spent in this place.
 E = Time spent auto-exploring this place.
 F = Levels seen in this place.
 G = Mean time per level.
                   A        B        C        D        E       F      G
               +--------+--------+--------+--------+--------+-----+--------+
         Total |   3528 |   3528 |      0 |   2524 |    267 |   1 | 3528.0 |
       Dungeon |   3528 |   3528 |      0 |   2524 |    267 |   1 | 3528.0 |
               +--------+--------+--------+--------+--------+-----+--------+

Top non-repeatable levels by time:
       D: 3528 daAuts
